Map: Dasan Station LE

Players

Jeff

  • Race: Zerg Zerg
  • League: Platinum

Rob - Winner!

  • Race: Protoss Protoss
  • League: Gold

VOD

Have the link to the VOD?

Description

Time

  • Played on: Aug. 20, 2016, 9:32 p.m.
  • Length: 12:41
Show
View Real Time Build Order
Export as new Build Order

Jeff Zerg 

Build Orders: Hatch First, Lurkers 

Get SALT Encoding   

  12  0:09  Drone  
  12  0:12  Overlord  
  13  0:16  Drone  
  14  0:30  Drone  
  14  0:32  Drone  
  16  0:42  Drone  
  17  0:54  Hatchery  
  16  1:00  Drone  
  16  1:04  Drone  
  18  1:13  Spawning Pool  
  18  1:16  Extractor  
  16  1:23  Drone  
  17  1:27  Overlord  
  17  1:36  Drone  
  18  1:57  Drone  
  18  1:58  Drone  
  20  2:02  Hatchery  
  20  2:06  Drone  
  20  2:21  Drone x2  
  20  2:22  Drone  
  23  2:24  Queen  
  23  2:28  Drone  
  26  2:30  Drone  
  26  2:36  Metabolic Boost  
  27  2:40  Drone x2  
  29  2:49  Queen  
  29  2:50  Drone  
  32  2:51  Drone  
  33  3:02  Lair  
  33  3:04  Drone x2  
  35  3:08  Extractor  
  35  3:10  Drone  
  35  3:12  Drone  
  36  3:15  Drone  
  37  3:21  Queen  
  37  3:22  Drone  
  40  3:30  Extractor, Drone x2  
  40  3:31  Extractor  
  40  3:32  Drone  
  41  3:37  Spore Crawler  
  41  3:40  Spore Crawler, Drone x2  
  41  3:41  Drone  
  42  3:46  Overlord  
  42  3:49  Overlord  
  42  4:01  Spine Crawler  
  41  4:05  Drone x7  
  41  4:06  Drone x2  
  41  4:07  Overlord  
  50  4:11  Overlord  
  50  4:15  Overlord  
  50  4:17  Drone x2  
  52  4:27  Hydralisk Den  
  51  4:34  Zergling x4  
  51  4:35  Zergling x12  
  59  4:39  Drone  
  59  4:44  Burrow  
  60  4:46  Extractor  
  60  4:47  Drone  
  60  4:48  Extractor, Drone x2  
  60  4:49  Drone x2  
  60  4:50  Drone  
  64  5:06  Baneling Nest  
  62  5:10  Hydralisk x6  
  74  5:14  Lurker Den  
  74  5:18  Drone x2  
  74  5:19  Drone  
  74  5:20  Drone  
  78  5:22  Drone  
  78  5:27  Drone  
  78  5:28  Drone  
  80  5:36  Drone  
  80  5:37  Overlord x2  
  80  5:38  Overlord  
  80  5:39  Overlord  
  81  5:59  Drone x2  
  81  6:00  Drone x3  
  81  6:01  Evolution Chamber  
  85  6:05  Evolution Chamber  
  85  6:07  Hatchery  
  83  6:12  Queen  
  83  6:14  Queen  
  87  6:21  Infestation Pit  
  87  6:25  Hydralisk x5  
  88  6:26  Hydralisk  
  88  6:28  Zerg Ground Armor Level 1  
  88  6:30  Zerg Missile Weapons Level 1  
  88  6:32  Overlord  
  98  6:34  Overlord  
  98  6:42  Hydralisk x2, Muscular Augments  
  98  6:45  Overseer x3  
  102  6:52  Hydralisk x3  
  108  7:02  Hive  
  108  7:07  Drone x5  
  108  7:08  Drone  
  114  7:13  Hydralisk x3  
  120  7:29  Spore Crawler  
  119  7:30  Extractor  
  119  7:33  Drone x3  
  119  7:34  Drone x3  
  119  7:35  Extractor  
  123  7:39  Hydralisk x3  
  123  7:40  Hydralisk x3  
  131  7:58  Lurker x4  
  135  8:00  Lurker  
  135  8:03  Overlord x5  
  135  8:04  Overlord  
  135  8:23  Lurker x5  
  135  8:24  Lurker  
  135  8:25  Hydralisk  
  135  8:26  Hydralisk x7  
  135  8:27  Hydralisk  
  159  8:42  Drone x6, Ultralisk Cavern  
  159  8:47  Zerg Ground Armor Level 2, Zerg Missile Weapons Level 2  
  165  8:55  Drone  
  165  8:58  Spine Crawler  
  165  9:01  Hydralisk x4  
  172  9:19  Baneling x7  
  172  9:20  Baneling x6  
  97  11:39  Hatchery  
Show
View Real Time Build Order
Export as new Build Order

Rob Protoss - Winner!

Build Orders: 1 Gate Expand 

Get SALT Encoding   

  12  0:01  Probe (Chrono Boost)  
  13  0:11  Probe (Chrono Boost)  
  14  0:17  Pylon  
  14  0:22  Probe (Chrono Boost)  
  15  0:35  Probe (Chrono Boost)  
  16  0:38  Gateway  
  16  0:47  Probe (Chrono Boost), Assimilator  
  17  0:57  Probe (Chrono Boost)  
  18  1:08  Probe (Chrono Boost)  
  19  1:19  Probe (Chrono Boost)  
  20  1:26  Cybernetics Core  
  20  1:32  Probe (Chrono Boost)  
  21  1:41  Nexus  
  21  1:47  Pylon  
  21  1:52  Assimilator  
  21  1:55  Probe (Chrono Boost)  
  22  2:06  Probe (Chrono Boost)  
  23  2:10  Warp Gate  
  23  2:16  Adept, Probe (Chrono Boost)  
  26  2:27  Probe (Chrono Boost)  
  27  2:32  Twilight Council  
  27  2:37  Probe (Chrono Boost)  
  27  2:43  Adept  
  30  2:48  Probe (Chrono Boost)  
  30  2:50  Assimilator  
  31  2:53  Probe (Chrono Boost)  
  31  2:57  Assimilator  
  32  2:58  Probe (Chrono Boost)  
  32  3:04  Probe (Chrono Boost)  
  34  3:09  Probe (Chrono Boost)  
  35  3:14  Probe (Chrono Boost)  
  36  3:25  Probe (Chrono Boost)  
  37  3:29  Gateway  
  37  3:30  Gateway  
  37  3:34  Resonating Glaives  
  37  3:36  Probe (Chrono Boost)  
  38  3:42  Probe (Chrono Boost)  
  38  3:46  Probe (Chrono Boost)  
  38  3:47  Pylon  
  40  3:55  Forge  
  40  3:56  Pylon  
  40  3:57  Probe (Chrono Boost)  
  40  3:58  Pylon  
  42  4:02  Probe (Chrono Boost)  
  42  4:07  Probe (Chrono Boost)  
  43  4:18  Protoss Ground Weapons Level 1, Probe (Chrono Boost)  
  44  4:28  Probe (Chrono Boost)  
  45  4:31  Adept  
  45  4:32  Adept x2  
  51  4:39  Probe (Chrono Boost)  
  51  4:44  Probe (Chrono Boost)  
  53  4:47  Pylon  
  53  4:49  Probe (Chrono Boost)  
  54  5:00  Probe (Chrono Boost)  
  54  5:03  Adept x3  
  59  5:10  Probe (Chrono Boost)  
  60  5:21  Probe (Chrono Boost)  
  61  5:25  Probe (Chrono Boost)  
  62  5:29  Pylon  
  62  5:31  Probe (Chrono Boost)  
  63  5:48  Gateway  
  63  5:50  Gateway x2  
  63  5:56  Probe (Chrono Boost)  
  64  6:01  Adept x3  
  70  6:07  Protoss Ground Armor Level 1  
  70  6:08  Probe (Chrono Boost)  
  71  6:15  Pylon  
  71  6:20  Pylon  
  71  6:21  Pylon  
  71  6:23  Pylon  
  71  6:25  Pylon  
  71  6:40  Adept x3, Nexus  
  71  6:42  Pylon  
  71  6:43  Pylon  
  77  6:47  Robotics Facility  
  77  6:51  Adept x3  
  83  7:12  Probe (Chrono Boost)  
  84  7:17  Adept x3  
  84  7:18  Adept x3  
  96  7:24  Gateway  
  96  7:27  Gateway  
  96  7:28  Gateway  
  96  7:30  Gateway  
  96  7:54  Robotics Bay  
  96  8:10  Adept x3  
  96  8:11  Adept x2  
  96  8:12  Warp Prism, Adept  
  110  8:25  Pylon  
  110  8:27  Pylon  
  110  8:29  Pylon  
  110  8:32  Assimilator  
  110  8:36  Assimilator  
  110  8:40  Pylon  
  110  8:44  Pylon  
  110  8:45  Disruptor  
  110  8:46  Adept x6  
  110  8:47  Adept x2  
  110  8:48  Adept x2  
  133  9:16  Disruptor  
  133  9:19  Pylon, Adept  
  133  9:20  Pylon, Adept x2  
  133  9:21  Adept x3  
  133  9:22  Adept x2  
  133  9:23  Adept  
  146  9:56  Adept x2  
  146  9:57  Adept x3  
  112  10:43  Gateway  
  112  10:46  Cybernetics Core  
  112  10:48  Pylon  
  112  10:50  Pylon  
  112  10:52  Pylon  
  104  11:58  Pylon  
  97  12:03  Pylon  
Tags
 
Add a new tag
Caveats
  • Supply blocks, unpowered buildings, or Contaminate may cause inaccurate times.
  • Supply counts are checked every 10 seconds.